Map: Kairos Junction LE

Players

DisK - Winner!

  • Race: Protoss Protoss
  • Spawn Location: 11:00

Future

  • Race: Terran Terran
  • League: Grandmaster
  • Spawn Location: 5:00

Event: 2019 WCS Winter Americas

VOD

Have the link to the VOD?

Description

Time

  • Played on: Feb. 7, 2019, 1:44 p.m.
  • Length: 9:33

All games in this series

Show
View Real Time Build Order
Export as new Build Order

DisK Protoss - Winner!

Build Orders: 1 Gate Expand, Blink Stalkers 

Get SALT Encoding   

  12  0:00  Probe  
  13  0:12  Probe  
  14  0:17  Pylon  
  14  0:24  Probe  
  15  0:34  Probe  
  15  0:37  Gateway  
  15  0:42  Probe  
  16  0:47  Assimilator  
  17  0:52  Probe  
  18  1:04  Probe  
  19  1:21  Nexus  
  19  1:31  Cybernetics Core  
  19  1:35  Probe  
  20  1:40  Assimilator  
  21  1:47  Probe  
  21  1:53  Pylon  
  21  1:59  Probe  
  22  2:03  Adept  
  22  2:08  Warp Gate  
  22  2:11  Probe  
  25  2:23  Probe  
  25  2:27  Sentry  
  26  2:35  Probe  
  27  2:38  Probe  
  27  2:42  Twilight Council  
  29  2:47  Probe  
  29  2:51  Stalker, Probe  
  33  2:59  Probe  
  33  3:03  Probe  
  33  3:04  Blink  
  33  3:05  Gateway  
  35  3:09  Gateway  
  35  3:12  Probe  
  36  3:19  Probe  
  37  3:24  Probe  
  38  3:29  Stalker  
  38  3:31  Probe  
  39  3:39  Pylon  
  39  3:46  Pylon  
  38  3:59  Stalker  
  38  4:00  Gateway  
  39  4:03  Stalker  
  39  4:07  Probe x2  
  39  4:09  Stalker  
  45  4:15  Probe  
  45  4:19  Probe  
  45  4:23  Probe  
  47  4:25  Stalker, Robotics Facility  
  47  4:31  Probe  
  47  4:35  Stalker x2  
  50  4:40  Probe  
  50  4:43  Probe  
  51  4:52  Probe  
  52  4:55  Probe  
  53  5:04  Probe  
  54  5:12  Pylon  
  54  5:16  Nexus  
  54  5:20  Pylon  
  54  5:24  Assimilator  
  54  5:26  Assimilator, Probe  
  54  5:30  Probe  
  54  5:32  Observer  
  54  5:35  Probe  
  57  5:36  Robotics Bay  
  57  5:42  Probe  
  59  5:44  Probe, Pylon  
  59  5:54  Probe  
  59  5:56  Observer  
  59  5:57  Probe  
  60  6:03  Zealot x2  
  64  6:05  Forge, Probe  
  64  6:07  Probe  
  64  6:08  Stalker  
  68  6:13  Observer, Probe  
  68  6:14  Colossus, Pylon  
  69  6:19  Probe  
  69  6:23  Probe  
  76  6:27  Probe  
  76  6:31  Probe  
  79  6:35  Probe x2  
  81  6:43  Probe  
  81  6:44  Extended Thermal Lance  
  81  6:45  Probe  
  81  6:46  Observer  
  82  6:47  Stalker, Probe  
  85  6:57  Probe x2  
  85  7:00  Stalker  
  89  7:03  Probe  
  89  7:08  Observer  
  90  7:11  Protoss Ground Weapons Level 1  
  90  7:12  Observer  
  90  7:14  Colossus  
  90  7:18  Probe x3  
  99  7:22  Pylon  
  99  7:30  Probe x2  
  99  7:34  Observer  
  101  7:40  Probe  
  101  7:41  Zealot, Sentry x2  
  101  7:42  Probe  
  101  7:44  Pylon x2  
  109  7:48  Assimilator  
  109  7:50  Assimilator  
  109  7:57  Probe  
  109  8:01  Gateway  
  109  8:02  Probe x2, Pylon, Gateway  
  109  8:04  Gateway  
  109  8:05  Stalker x2  
  115  8:07  Stalker  
  115  8:09  Colossus  
  123  8:23  Probe x3  
  126  8:29  Pylon  
  126  8:33  Stalker x2  
  126  8:35  Probe  
  126  8:36  Probe  
  128  8:46  Zealot  
  130  8:49  Probe x2  
  130  8:50  Probe  
  130  8:53  Pylon  
  121  9:03  Pylon  
  121  9:07  Stalker x6  
  131  9:16  Probe x2  
Show
View Real Time Build Order
Export as new Build Order

Future Terran 

Build Orders: Liberator Opening 

Get SALT Encoding   

  12  0:01  SCV  
  13  0:13  SCV  
  14  0:17  Supply Depot  
  14  0:25  SCV  
  15  0:38  SCV  
  15  0:40  Barracks  
  16  0:46  Refinery  
  16  0:50  SCV  
  17  1:02  SCV  
  18  1:14  SCV  
  19  1:28  Orbital Command, Marine  
  20  1:42  Command Center  
  20  1:52  Factory  
  20  1:57  SCV  
  21  2:06  Barracks Reactor  
  21  2:09  SCV  
  21  2:10  Refinery  
  21  2:14  Supply Depot  
  22  2:23  SCV  
  23  2:36  SCV  
  24  2:40  Starport  
  24  2:46  Hellion x2  
  24  2:48  SCV  
  29  2:56  Orbital Command  
  29  3:00  SCV  
  30  3:07  Hellion x2  
  30  3:12  SCV  
  35  3:17  Medivac  
  35  3:19  Barracks Tech Lab  
  36  3:23  SCV  
  36  3:24  SCV  
  37  3:33  Supply Depot  
  37  3:35  SCV  
  37  3:36  SCV  
  37  3:41  Liberator  
  39  3:42  Siege Tank  
  39  3:43  Marine  
  39  3:44  Marine  
  39  3:47  SCV  
  45  3:54  Supply Depot  
  45  3:55  SCV  
  46  3:59  SCV  
  50  4:06  Marine x2  
  50  4:07  SCV  
  53  4:11  SCV  
  53  4:15  Supply Depot  
  53  4:16  Siege Tank  
  57  4:19  SCV  
  57  4:23  SCV, Marine  
  57  4:24  Marine  
  61  4:27  Liberator  
  62  4:31  SCV  
  62  4:37  SCV  
  63  4:41  Marine x2  
  63  4:43  SCV  
  63  4:50  Supply Depot  
  63  4:51  Bunker  
  59  4:55  SCV x2  
  59  4:59  Command Center  
  61  5:01  Marine x2  
  63  5:07  SCV  
  63  5:10  SCV  
  63  5:11  Siege Tank  
  68  5:15  Supply Depot  
  68  5:19  SCV  
  69  5:22  SCV  
  70  5:29  Refinery, Barracks Tech Lab  
  70  5:31  Refinery, Barracks  
  70  5:34  SCV x2, Barracks  
  72  5:41  Engineering Bay x2  
  72  5:46  SCV x2  
  72  5:48  Stimpack, Marine  
  72  5:57  Factory Reactor  
  72  5:58  SCV  
  72  5:59  SCV  
  72  6:01  Starport Reactor  
  72  6:03  Factory Tech Lab  
  74  6:06  Marine  
  74  6:08  Barracks  
  74  6:09  Barracks  
  74  6:10  Terran Infantry Weapons Level 1, SCV  
  76  6:11  Terran Infantry Armor Level 1  
  76  6:12  Orbital Command  
  76  6:13  SCV  
  77  6:19  Marine x2  
  77  6:22  SCV  
  77  6:23  Barracks Reactor  
  77  6:24  Marine  
  77  6:25  SCV  
  82  6:27  Siege Tank  
  85  6:34  SCV  
  85  6:36  Marine x2  
  85  6:37  SCV  
  88  6:41  Supply Depot x2  
  88  6:42  Medivac, Marine  
  88  6:45  Medivac  
  58  6:47  SCV, Orbital Command  
  92  6:49  SCV  
  94  6:54  Marine x2  
  94  6:58  Armory  
  94  6:59  SCV, Marine  
  98  7:01  SCV  
  98  7:07  Barracks Reactor  
  99  7:09  Barracks Reactor  
  99  7:11  SCV  
  99  7:14  SCV, Marine x3  
  99  7:15  SCV  
  100  7:23  SCV  
  100  7:24  Marauder, Marine  
  100  7:26  SCV  
  100  7:29  Siege Tank, Refinery  
  108  7:30  Refinery  
  108  7:32  Marine  
  108  7:36  Factory  
  109  7:37  Supply Depot x2  
  109  7:38  Missile Turret x3  
  109  7:40  Missile Turret  
  109  7:44  Missile Turret  
  109  7:45  Marine x3  
  109  7:46  Marine x4  
  109  7:47  Missile Turret  
  109  7:48  Marine  
  117  7:59  Medivac x2  
  117  8:03  Siege Tank, Marine x3  
  127  8:06  Marine  
  127  8:07  Marine  
  127  8:08  Marine  
  127  8:09  Marine x3  
  133  8:13  Supply Depot  
  133  8:17  Supply Depot x2  
  133  8:18  Supply Depot  
  133  8:19  Siege Tank  
  136  8:28  Marine  
  136  8:29  Marine  
  136  8:33  Marine  
  139  8:35  Siege Tank, Marine  
  139  8:36  Marine  
  139  8:38  Marine x2  
  146  8:41  Marine  
  146  8:45  Marine  
  146  8:46  Supply Depot  
  146  8:48  Supply Depot  
  148  8:50  Marine  
  148  8:53  Marine x2  
  139  9:04  Marine  
  139  9:05  Marine x5  
  139  9:08  Marine  
Tags
 
Add a new tag
Caveats
  • Supply blocks, unpowered buildings, or Contaminate may cause inaccurate times.
  • Supply counts are checked every 10 seconds.